 Dungeon Crawl Stone Soup version 0.31-a0-233-g139696dc86 (webtiles) character file.

Game seed: 6519945590289701801

177 qw the Shooter (level 5, -4/30 HPs)
             Began as a Gargoyle Hexslinger on July 9, 2023.
             Slain by Edmund
             ... wielding a +3 flail of protection
              (9 damage)
             ... on level 4 of the Dungeon.
             The game lasted 00:01:18 (3175 turns).

qw the Shooter (Gargoyle Hexslinger)                Turns: 3175, Time: 00:01:18

Health: -4/30      AC: 11    Str: 11    XL:     5   Next: 57%
Magic:  6/6        EV: 15    Int: 14    God:
Gold:   78         SH:  0    Dex: 14    Spells: 5/6 levels left

rFire   . . .        Y - +1 sling
rCold   . . .        (no shield)
rNeg    + . .        a - +0 ring mail
rPois   inf          (no helmet)
rElec   +            (no cloak)
rCorr   .            c - +0 pair of gloves
SInv    +            h - +0 pair of boots
Will    .....        (no amulet)
Stlth   +            g - +5 ring of evasion
HPRegen 0.25/turn    b - ring of see invisible
MPRegen 0.10/turn

%: no passive effects
@: about to teleport
A: sickness immunity, AC +4, negative energy resistance 1, electricity
resistance, torment resistance 1, petrification resistance
a: no special abilities


You were on level 4 of the Dungeon.
You visited 1 branch of the dungeon, and saw 5 of its levels.

You collected 214 gold pieces.
You spent 136 gold pieces at shops.


Innate Abilities, Weirdness & Mutations

You are immune to sickness and miasma.
Your stone body is resilient. (AC +4)
You are immune to poison.
You resist negative energy. (rN+)
You are resistant to electric shocks. (rElec)
You are resistant to unholy torment.
You are immune to petrification.


   Skills:
 + Level 2.0 Fighting
 - Level 5.0 Ranged Weapons
 - Level 1.8 Armour
 - Level 1.5 Dodging
 - Level 1.0 Spellcasting
 - Level 2.6 Hexes


You had 5 spell levels left.
You knew the following spells:

 Your Spells              Type           Power      Damage    Failure   Level
a - Slow                  Hex            32%        N/A       21%         1

Your spell library contained the following spells:

 Spells                   Type           Power      Damage    Failure   Level
 Inner Flame              Hex/Fire       4%         N/A       71%         3
 Portal Projectile        Hex/Tloc       8%         N/A       71%         3
 Cause Fear               Hex            4%         N/A       90%         4

Inventory:

Hand Weapons
 Y - a +1 sling (weapon)
Armour
 a - a +0 ring mail (worn)
 c - a +0 pair of gloves (worn)
 h - a +0 pair of boots (worn)
Jewellery
 b - a ring of see invisible (right hand)
 g - a +5 ring of evasion (left hand)
 m - a ring of protection from cold
Scrolls
 k - a scroll of teleportation
 l - a scroll of identify
Potions
 d - a potion of heal wounds
 f - a potion of mutation {unknown}
 i - a potion of might {unknown}
 j - a potion of enlightenment {unknown}
 n - a potion of resistance

Dungeon Overview and Level Annotations

Branches:
Dungeon (5/15)
 Temple: D:4-7

Altars:
Hepliaklqana
Makhleb
Trog
Xom
Yredelemnul

Shops:
D:3 (**

Annotations:
D:4 Edmund


Message History

You shoot a sling bullet. The sling bullet hits Edmund.
Edmund is heavily wounded.
The hound misses you. The sleepcap barely misses you.
Edmund closely misses you. The hound closely misses you.
You shoot a sling bullet.
The sling bullet hits Edmund but does no damage.
Edmund is heavily wounded.
The hound completely misses you.
The sleepcap releases spores at you but does no damage.
Edmund hits you but does no damage. The hound bites you but does no damage.
You shoot a sling bullet.
The sling bullet hits Edmund but does no damage.
Edmund is heavily wounded.
The hound bites you but does no damage. Edmund closely misses you.
The sleepcap misses you.
You shoot a sling bullet. The sling bullet closely misses Edmund.
The hound barely misses you. Edmund closely misses you.
The sleepcap releases spores at you but does no damage.
The hound closely misses you. The sleepcap closely misses you.
Edmund misses you.
You shoot a sling bullet. The sling bullet barely misses Edmund.
The hound bites you but does no damage. x2; Edmund closely misses you.
The sleepcap closely misses you.
You shoot a sling bullet. The sling bullet hits Edmund.
Edmund is heavily wounded.
The hound bites you. The sleepcap barely misses you.
The hound closely misses you.
Edmund hits you with a +3 flail of protection!
You shoot a sling bullet.
The sling bullet hits Edmund but does no damage.
Edmund is heavily wounded.
The hound bites you but does no damage.
Edmund hits you with a +3 flail of protection!
The sleepcap barely misses you. The hound bites you but does no damage.
3175 ||| READING 2 scrolls of teleportation.
As you read the scroll of teleportation, it crumbles to dust.
You feel strangely unstable. The hound closely misses you.
Edmund hits you with a +3 flail of protection!
You die...

######.............
#...##.............
##....#(.........##.
#.............#####.
#.....#.....######..
##.....#...##........
#.........##........#
#....h...##.........#
#...@@..###..........
##.f.................
#..#####............
##.# ##............
### #.............
##.............
#..............
##..............
#..>...........#


You could see Edmund (resistant), a sleepcap and a hound.

Vanquished Creatures
  2 hounds (D:4)
  3 adders
  A worm (D:2)
  A dart slug (D:4)
  5 orcs (D:3)
  7 ball pythons
  7 endoplasms
  4 giant cockroaches
  5 goblins
  3 hobgoblins
  11 jackals
  5 quokkas
  4 bats
  5 frilled lizards
  5 kobolds
  4 rats
72 creatures vanquished.

Notes
Turn   | Place    | Note
-------+----------+-------------------------------------------
     0 | D:1      | qw the Gargoyle Hexslinger began the quest for the Orb.
     0 | D:1      | Reached XP level 1. HP: 12/12 MP: 2/2
     0 | D:1      | 0 ||| qw: Version: 0.3-a-51-g015441d
     0 | D:1      | 0 ||| qw: Game counter: 3824
     0 | D:1      | 0 ||| qw: Melee chars always use a shield: true
     0 | D:1      | 0 ||| qw: God list: Okawaru
     0 | D:1      | 0 ||| qw: Allow faded altars: false
     0 | D:1      | 0 ||| qw: Do Orc after clearing Dungeon:15 true
     0 | D:1      | 0 ||| qw: Do second Lair branch before Depths: true
     0 | D:1      | 0 ||| qw: Lair rune preference: random
     0 | D:1      | 0 ||| qw: Goals: Normal
     0 | D:1      | 0 ||| PLANNING D:1-11
    95 | D:1      | Reached XP level 2. HP: 12/16 MP: 3/3
   217 | D:1      | Reached skill level 3 in Ranged Weapons
   407 | D:1      | Reached XP level 3. HP: 21/21 MP: 4/4
   600 | D:1      | 600 ||| UPGRADING to +0 leather armour.
   610 | D:1      | 610 ||| DROPPING +0 robe.
   611 | D:1      | 611 ||| UPGRADING to +0 pair of boots.
   616 | D:1      | 616 ||| DRINKING 2 pink potions.
   617 | D:1      | 617 ||| DROPPING scroll of poison.
   650 | D:2      | Found a burning altar of Makhleb.
  1072 | D:2      | Reached XP level 4. HP: 23/26 MP: 5/5
  1216 | D:2      | You fall into a shaft and drop 2 floors!
  1223 | D:4      | Reached skill level 4 in Ranged Weapons
  1581 | D:4      | Reached XP level 5. HP: 30/30 MP: 6/6
  1653 | D:4      | 1653 ||| UPGRADING to ring of see invisible.
  1654 | D:4      | 1654 ||| READING scroll labelled VEMUGH QIEKYIL.
  1655 | D:4      | 1655 ||| READING scroll labelled ETULEDULEE.
  1656 | D:4      | 1656 ||| READING 2 scrolls labelled XAEFIUT LAMU.
  1657 | D:4      | 1657 ||| DRINKING 2 smoky orange potions.
  1698 | D:4      | 1698 ||| DROPPING potion of lignification.
  1699 | D:4      | 1699 ||| DROPPING scroll of vulnerability.
  1735 | D:3      | Found Cejad's Antique Weapon Shop.
  1740 | D:3      | 1740 ||| SHOPLISTING longbow (175 gold, have 131).
  1770 | D:3      | Found Dyorphup's Assorted Antiques.
  1782 | D:3      | 1782 ||| Stepping ~*~*~tactically~*~*~ (outnumbered).
  1838 | D:3      | Reached skill level 5 in Ranged Weapons
  1843 | D:3      | 1843 ||| BUYING copper wand (96 gold).
  1843 | D:3      | Bought a copper wand for 96 gold pieces
  1843 | D:3      | 1843 ||| BUYING murky clear potion (21 gold).
  1843 | D:3      | Bought a murky clear potion for 21 gold pieces
  1843 | D:3      | 1843 ||| SHOPLISTING scroll of identify (48 gold, have 47).
  1850 | D:3      | Found Ydid's Assorted Antiques.
  1859 | D:3      | 1859 ||| BUYING fizzy green potion (19 gold).
  1859 | D:3      | Bought a fizzy green potion for 19 gold pieces
  1859 | D:3      | 1859 ||| SHOPLISTING iron wand (88 gold, have 28).
  1859 | D:3      | 1859 ||| SHOPLISTING potion of heal wounds (110 gold, have
                  | 28).
  1859 | D:3      | 1859 ||| SHOPLISTING scroll of identify (44 gold, have 28).
  1908 | D:3      | 1908 ||| UPGRADING to +0 ring mail.
  1918 | D:3      | 1918 ||| DROPPING +0 leather armour.
  1919 | D:3      | 1919 ||| DROPPING wand of charming (5).
  2243 | D:2      | 2243 ||| UPGRADING to ring of protection from cold.
  2244 | D:2      | 2244 ||| UPGRADING to +5 ring of evasion.
  2246 | D:2      | 2246 ||| UPGRADING to ring of see invisible.
  2801 | D:3      | 2801 ||| READING 2 scrolls labelled VEINUS ITUVEOS.
  2805 | D:3      | 2805 ||| READING 3 scrolls of identify.
  2805 | D:3      | 2805 ||| IDENTIFYING murky clear potion
  2806 | D:3      | 2806 ||| READING 2 scrolls of identify.
  2806 | D:3      | 2806 ||| IDENTIFYING coppery potion
  2807 | D:3      | 2807 ||| DROPPING potion of attraction.
  2808 | D:3      | 2808 ||| DROPPING potion of degeneration.
  2941 | D:4      | Reached skill level 1 in Armour
  3025 | D:4      | Found a hazy altar of Hepliaklqana.
  3026 | D:4      | Found a shimmering altar of Xom.
  3027 | D:4      | Found a basalt altar of Yredelemnul.
  3028 | D:4      | Found a bloodstained altar of Trog.
  3142 | D:4      | 3142 ||| UPGRADING to +0 pair of gloves.
  3147 | D:4      | 3147 ||| READING scroll labelled CECUL TENG.
  3150 | D:5      | Entered Level 5 of the Dungeon
  3150 | D:5      | Noticed Edmund
  3160 | D:5      | 3160 ||| STAIRDANCE
  3174 | D:4      | HP: 5/30 [Edmund/+3 flail of protection (8)]
  3175 | D:4      | 3175 ||| READING 2 scrolls of teleportation.
  3175 | D:4      | Slain by Edmund

Levels and vault maps discovered:
D:1:      matt_arrival_grand_opening, layout_basic
D:2:      layout_loops_corners, basic_altar
D:3:      layout_basic, serial_shops, nicolae_shop_overgrown_old_shop, shop,
          shop
D:4:      layout_cave_pods, mainiacjoe_overflow_alcove_3
D:5:      layout_loops_cross, nicolae_overflow_hidden_temple,
          nemelex_dance_club_becter, chequers_serial_rivers_marsh, uniq_edmund,
          uniq_grinder

Skill      XL: |  1  2  3  4  5 |
---------------+----------------+-----
Ranged Weapons | 3 4 5 |  5.0
Fighting       | 2 |  2.0
Armour         | 1 |  1.8
Dodging        | |  1.5
Spellcasting   | |  1.0
Hexes          | |  2.6

Action                     |  1- 3 |  4- 6 || total
---------------------------+-------+-------++-------
   Fire: Sling             |   154 |   157 ||   311
    Use: Potion            |     1 |     1 ||     2
         Scroll            |       |     8 ||     8
 Armour: Robe              |    18 |       ||    18
         Leather armour    |    24 |    25 ||    49
         Ring mail         |       |    32 ||    32
  Dodge: Dodged            |    61 |   116 ||   177

Table legend:
 A = Non-vault XP
 B = Vault XP
 C = Vault XP percentage of total XP
 D = Non-vault monster count
 E = Vault monster count
 F = Vault count percentage of total count
                 A         B        C        D         E       F
            +---------+---------+-------+---------+---------+-------
      Total |     254 |       0 |   0.0 |      72 |       0 |   0.0
            +---------+---------+-------+---------+---------+-------
        D:1 |      49 |       0 |   0.0 |      29 |       0 |   0.0
        D:2 |      42 |       0 |   0.0 |      16 |       0 |   0.0
        D:3 |      35 |       0 |   0.0 |      11 |       0 |   0.0
        D:4 |     128 |       0 |   0.0 |      16 |       0 |   0.0
            +---------+---------+-------+---------+---------+-------
